3281 views
Uploaded 2020-07-15 00:35:45
Game version 1.32.6 / 1.32.7
11:09 long 4on4 ladder game on (8)Northshire_LV
Saved by Immortalsoul
3281 views
Uploaded 2020-07-15 00:35:45
Game version 1.32.6 / 1.32.7
11:09 long 4on4 ladder game on (8)Northshire_LV


88 units @ 12k
/ 1.6k
55 buildings @ 9.8k
/ 3.8k


| Rod of Necromancy | 4 | 600 |
| Sacrificial Skull | 1 | 50 |
| Potion of Mana | 1 | 200 |
| total: | 6 | 850g |
| Acolyte | 8 | 600 | / | 0 |
| Ghoul | 2 | 240 | / | 0 |
| Crypt Fiend | 6 | 1290 | / | 240 |
| Frost Wyrm | 1 | 385 | / | 120 |
| Goblin Shredder | 1 | 375 | / | 100 |
| total: | 18 | 2890g | / | 460w |
| Nerubian Tower | 1 | 100 | / | 20 |
| Graveyard | 1 | 215 | / | 0 |
| Crypt | 1 | 200 | / | 50 |
| Altar of Darkness | 1 | 180 | / | 50 |
| Ziggurat | 6 | 900 | / | 300 |
| Tomb of Relics | 2 | 260 | / | 60 |
| Necropolis | 2 | 450 | / | 0 |
| Sacrificial Pit | 1 | 75 | / | 150 |
| Boneyard | 2 | 350 | / | 400 |
| Halls of the Dead | 1 | 320 | / | 210 |
| Black Citadel | 1 | 325 | / | 230 |
| total: | 16 | 2630g | / | 1010w |
| 0:01 | Acolyte |
| 0:01 | Acolyte |
| 0:06 | Graveyard |
| 0:08 | Crypt |
| 0:18 | Altar of Darkness |
| 0:40 | Ziggurat |
| 0:50 | Acolyte |
| 1:10 | Ghoul |
| 1:21 | Tomb of Relics |
| 1:26 | Tomb of Relics |
| 1:43 | Crypt Fiend |
| 2:02 | Ziggurat |
| 2:19 | Crypt Fiend |
| 2:32 | Death Coil |
| 2:35 | Rod of Necromancy |
| 2:55 | Crypt Fiend |
| 3:05 | Sacrificial Skull |
| 3:08 | Ghoul |
| 3:09 | Acolyte |
| 3:30 | Backpack |
| 3:32 | Unholy Aura |
| 3:41 | Rod of Necromancy |
| 3:57 | Necropolis |
| 4:15 | Necropolis |
| 4:28 | Halls of the Dead |
| 4:56 | Crypt Fiend |
| 5:21 | Death Coil |
| 5:30 | Ziggurat |
| 5:32 | Ziggurat |
| 6:06 | Crypt Fiend |
| 6:16 | Crypt Fiend |
| 6:49 | Rod of Necromancy |
| 6:51 | Acolyte |
| 6:52 | Acolyte |
| 7:12 | Black Citadel |
| 7:52 | Rod of Necromancy |
| 7:53 | Potion of Mana |
| 8:10 | Frost Nova |
| 8:13 | Sacrificial Pit |
| 8:15 | Unholy Aura |
| 8:51 | Creature Attack |
| 9:05 | Acolyte |
| 9:06 | Acolyte |
| 9:06 | Nerubian Tower |
| 9:12 | Goblin Shredder |
| 9:17 | Ziggurat |
| 9:33 | Ziggurat |
| 9:35 | Boneyard |
| 10:21 | Boneyard |
| 10:43 | Dark Ritual |
| 10:57 | Frost Wyrm |
| Select group | 1171 |
| Right click | 733 |
| Select | 347 |
| Misc. action | 155 |
| Build/train/purchase | 57 |
| Assign group | 33 |
| Use ability | 22 |
| Chat | 12 |
| Item give/drop | 5 |
| Esc | 2 |

| Wisp | 12 | 720 | / | 0 |
| Huntress | 8 | 1560 | / | 160 |
| Archer | 2 | 260 | / | 20 |
| total: | 22 | 2540g | / | 180w |
| Altar of Elders | 1 | 180 | / | 50 |
| Moon Well | 5 | 900 | / | 200 |
| Hunter's Hall | 1 | 210 | / | 100 |
| Ancient of War | 2 | 300 | / | 120 |
| Tree of Life | 1 | 340 | / | 185 |
| Tree of Ages | 1 | 320 | / | 180 |
| Tree of Eternity | 1 | 330 | / | 200 |
| total: | 10 | 1930g | / | 655w |
| 0:01 | Wisp |
| 0:01 | Wisp |
| 0:05 | Altar of Elders |
| 0:16 | Moon Well |
| 0:21 | Wisp |
| 0:36 | Wisp |
| 0:46 | Wisp |
| 1:01 | Wisp |
| 1:01 | Wisp |
| 1:14 | Wisp |
| 1:46 | Hunter's Hall |
| 1:51 | Ancient of War |
| 1:52 | Wisp |
| 1:53 | Wisp |
| 2:06 | Moon Well |
| 2:20 | Scout |
| 2:35 | Ancient of War |
| 2:46 | Wisp |
| 2:46 | Wisp |
| 3:00 | Huntress |
| 3:02 | Strength of the Moon |
| 3:15 | Moon Well |
| 3:30 | Huntress |
| 4:10 | Huntress |
| 4:27 | Huntress |
| 4:44 | Sentinel |
| 5:09 | Huntress |
| 5:28 | Moon Well |
| 5:59 | Huntress |
| 6:17 | Moon Armor |
| 6:41 | Tree of Ages |
| 7:02 | Trueshot Aura |
| 7:33 | Huntress |
| 7:56 | Moon Well |
| 8:24 | Huntress |
| 9:03 | Trueshot Aura |
| 9:27 | Archer |
| 9:27 | Archer |
| 10:23 | Tree of Life |
| 10:56 | Improved Bows |
| 10:59 | Tree of Eternity |
| Right click | 509 |
| Select group | 334 |
| Select | 183 |
| Misc. action | 105 |
| Build/train/purchase | 44 |
| Assign group | 39 |
| Chat | 16 |
| Use ability | 14 |
| Resource trade | 4 |
| Remove unit | 1 |
| Minimap ping | 1 |

| Healing Salve | 2 | 200 |
| Lesser Clarity Potion | 1 | 70 |
| total: | 3 | 270g |
| Peon | 7 | 525 | / | 0 |
| Grunt | 5 | 1000 | / | 0 |
| Tauren | 3 | 840 | / | 240 |
| Shaman | 3 | 390 | / | 60 |
| Goblin Shredder | 1 | 375 | / | 100 |
| total: | 19 | 3130g | / | 400w |
| Altar of Storms | 1 | 180 | / | 50 |
| Orc Burrow | 6 | 960 | / | 240 |
| Barracks | 1 | 180 | / | 50 |
| Voodoo Lounge | 1 | 130 | / | 30 |
| War Mill | 1 | 205 | / | 0 |
| Great Hall | 1 | 385 | / | 185 |
| Spirit Lodge | 1 | 150 | / | 150 |
| Tauren Totem | 2 | 270 | / | 310 |
| Stronghold | 1 | 315 | / | 190 |
| Fortress | 1 | 325 | / | 190 |
| total: | 14 | 2460g | / | 1015w |
| 0:01 | Peon |
| 0:02 | Peon |
| 0:09 | Altar of Storms |
| 0:18 | Orc Burrow |
| 0:30 | Peon |
| 0:34 | Barracks |
| 0:47 | Peon |
| 0:56 | Peon |
| 1:08 | Peon |
| 1:29 | Orc Burrow |
| 1:34 | Peon |
| 1:44 | Grunt |
| 1:59 | Voodoo Lounge |
| 2:15 | Feral Spirit |
| 2:30 | Grunt |
| 2:58 | Stronghold |
| 3:12 | Grunt |
| 3:27 | Healing Salve |
| 3:27 | Lesser Clarity Potion |
| 3:48 | Orc Burrow |
| 3:58 | Grunt |
| 4:00 | Chain Lighting |
| 4:26 | War Mill |
| 4:45 | Grunt |
| 5:01 | Healing Salve |
| 5:26 | Fortress |
| 5:34 | Spirit Lodge |
| 5:41 | Feral Spirit |
| 6:05 | Goblin Shredder |
| 6:12 | Berserker Strength |
| 6:32 | Orc Burrow |
| 6:45 | Tauren Totem |
| 7:09 | Shaman Adept Training |
| 7:15 | Tauren Totem |
| 7:54 | Great Hall |
| 8:28 | Shaman Master Training |
| 8:29 | Tauren |
| 8:55 | Tauren |
| 9:52 | Shaman |
| 9:53 | Shaman |
| 10:01 | Orc Burrow |
| 10:04 | Orc Burrow |
| 10:06 | Steel Melee Weapons |
| 10:22 | Pulverize |
| 10:24 | Steel Armor |
| 10:43 | Chain Lighting |
| 11:04 | Shaman |
| 11:05 | Tauren |
| Right click | 559 |
| Select group | 485 |
| Select | 192 |
| Misc. action | 67 |
| Build/train/purchase | 55 |
| Assign group | 34 |
| Use ability | 14 |
| Minimap ping | 7 |
| Esc | 4 |
| Chat | 4 |


| Staff of Preservation | 1 | 150 |
| Lesser Clarity Potion | 1 | 70 |
| total: | 2 | 220g |
| Wisp | 19 | 1140 | / | 0 |
| Archer | 5 | 650 | / | 50 |
| Mountain Giant | 3 | 1050 | / | 300 |
| Goblin Shredder | 1 | 375 | / | 100 |
| Goblin Zeppelin | 1 | 240 | / | 60 |
| total: | 29 | 3455g | / | 510w |
| Altar of Elders | 1 | 180 | / | 50 |
| Moon Well | 7 | 1260 | / | 280 |
| Ancient of War | 1 | 150 | / | 60 |
| Tree of Life | 1 | 340 | / | 185 |
| Hunter's Hall | 2 | 420 | / | 200 |
| Ancient of Wonders | 1 | 90 | / | 30 |
| Ancient of Lore | 2 | 310 | / | 290 |
| Tree of Ages | 1 | 320 | / | 180 |
| Tree of Eternity | 1 | 330 | / | 200 |
| total: | 15 | 2750g | / | 1095w |
| 0:01 | Wisp |
| 0:01 | Wisp |
| 0:07 | Altar of Elders |
| 0:16 | Moon Well |
| 0:26 | Ancient of War |
| 0:32 | Wisp |
| 0:41 | Wisp |
| 0:48 | Wisp |
| 0:59 | Wisp |
| 1:19 | Wisp |
| 1:31 | Archer |
| 1:41 | Moon Well |
| 1:44 | Wisp |
| 1:57 | Wisp |
| 2:09 | Force of Nature |
| 2:25 | Moon Well |
| 2:40 | Wisp |
| 2:59 | Wisp |
| 2:59 | Wisp |
| 3:27 | Wisp |
| 3:43 | Tree of Ages |
| 4:14 | Entangling Roots |
| 4:26 | Tree of Life |
| 4:43 | Moon Well |
| 4:45 | Hunter's Hall |
| 4:55 | Archer |
| 4:58 | Archer |
| 5:27 | Archer |
| 5:32 | Goblin Shredder |
| 5:50 | Archer |
| 6:00 | Ancient of Wonders |
| 6:02 | Ultravision |
| 6:05 | Force of Nature |
| 6:08 | Nature's Blessing |
| 6:13 | Improved Bows |
| 6:38 | Ancient of Lore |
| 6:39 | Ancient of Lore |
| 6:54 | Wisp |
| 7:14 | Wisp |
| 7:16 | Wisp |
| 7:17 | Reinforced Hides |
| 7:46 | Moon Well |
| 8:09 | Tree of Eternity |
| 8:27 | Goblin Zeppelin |
| 8:39 | Staff of Preservation |
| 8:39 | Lesser Clarity Potion |
| 8:59 | Trueshot Aura |
| 9:03 | Moon Well |
| 9:05 | Mountain Giant |
| 9:15 | Mountain Giant |
| 9:26 | Wisp |
| 9:26 | Wisp |
| 9:26 | Wisp |
| 10:19 | Mountain Giant |
| 10:29 | Improved Reinforced Hides |
| 10:30 | Entangling Roots |
| 10:32 | Moon Well |
| 10:56 | Marksmanship |
| 10:57 | Strength of the Moon |
| 10:59 | Hunter's Hall |
| 11:04 | Hardened Skin |
| 11:05 | Resistant Skin |
| Right click | 410 |
| Select | 331 |
| Select group | 215 |
| Misc. action | 87 |
| Assign group | 81 |
| Build/train/purchase | 53 |
| Chat | 52 |
| Use ability | 33 |
| Minimap ping | 3 |
104 units @ 12k
/ 1.1k
57 buildings @ 8.9k
/ 3.9k


| Rod of Necromancy | 1 | 150 |
| Scroll of Town Portal | 1 | 350 |
| total: | 2 | 500g |
| Acolyte | 6 | 450 | / | 0 |
| Ghoul | 3 | 360 | / | 0 |
| Crypt Fiend | 8 | 1720 | / | 320 |
| total: | 17 | 2530g | / | 320w |
| Ziggurat | 5 | 750 | / | 250 |
| Altar of Darkness | 1 | 180 | / | 50 |
| Crypt | 1 | 200 | / | 50 |
| Graveyard | 1 | 215 | / | 0 |
| Tomb of Relics | 1 | 130 | / | 30 |
| Necropolis | 1 | 225 | / | 0 |
| Sacrificial Pit | 1 | 75 | / | 150 |
| Boneyard | 2 | 350 | / | 400 |
| Halls of the Dead | 1 | 320 | / | 210 |
| Black Citadel | 1 | 325 | / | 230 |
| total: | 13 | 2125g | / | 930w |
| 0:03 | Acolyte |
| 0:03 | Acolyte |
| 0:08 | Ziggurat |
| 0:11 | Altar of Darkness |
| 0:33 | Crypt |
| 0:57 | Graveyard |
| 1:08 | Tomb of Relics |
| 1:21 | Ziggurat |
| 1:43 | Ghoul |
| 1:43 | Ghoul |
| 2:16 | Carrion Beetles |
| 2:22 | Ghoul |
| 2:53 | Halls of the Dead |
| 3:01 | Rod of Necromancy |
| 3:09 | Crypt Fiend |
| 3:31 | Crypt Fiend |
| 3:46 | Ziggurat |
| 3:57 | Impale |
| 4:14 | Crypt Fiend |
| 4:52 | Crypt Fiend |
| 5:32 | Impale |
| 5:49 | Acolyte |
| 6:07 | Black Citadel |
| 6:10 | Sacrificial Pit |
| 6:21 | Death Coil |
| 7:02 | Necropolis |
| 7:34 | Crypt Fiend |
| 8:01 | Crypt Fiend |
| 8:15 | Scroll of Town Portal |
| 8:32 | Boneyard |
| 8:32 | Boneyard |
| 9:22 | Spiked Carapace |
| 9:28 | Crypt Fiend |
| 9:31 | Acolyte |
| 9:31 | Acolyte |
| 9:32 | Acolyte |
| 9:41 | Unholy Aura |
| 10:06 | Ziggurat |
| 10:08 | Ziggurat |
| 10:12 | Crypt Fiend |
| Right click | 337 |
| Select group | 163 |
| Select | 139 |
| Build/train/purchase | 50 |
| Misc. action | 44 |
| Assign group | 23 |
| Chat | 17 |
| Use ability | 15 |
| Resource trade | 4 |
| Minimap ping | 2 |
| Item give/drop | 1 |
SundayBacon
(4)
(10:26) : 
| Scroll of Town Portal | 1 | 350 |
| Potion of Lesser Invulnerability | 1 | 150 |
| Staff of Teleportation | 1 | 150 |
| total: | 3 | 650g |
| Peasant | 16 | 1200 | / | 0 |
| Rifleman | 10 | 2050 | / | 300 |
| Footman | 1 | 135 | / | 0 |
| Goblin Shredder | 1 | 375 | / | 100 |
| total: | 28 | 3760g | / | 400w |
| Scout Tower | 3 | 90 | / | 60 |
| Arcane Tower | 1 | 70 | / | 50 |
| Farm | 7 | 560 | / | 140 |
| Altar of Kings | 3 | 540 | / | 150 |
| Blacksmith | 1 | 140 | / | 60 |
| Barracks | 1 | 160 | / | 60 |
| Town Hall | 1 | 385 | / | 205 |
| Arcane Vault | 1 | 130 | / | 30 |
| Keep | 1 | 320 | / | 210 |
| total: | 17 | 2005g | / | 705w |
| 0:03 | Peasant |
| 0:03 | Peasant |
| 0:03 | Peasant |
| 0:13 | Peasant |
| 0:16 | Farm |
| 0:24 | Altar of Kings |
| 0:25 | Peasant |
| 0:33 | Peasant |
| 0:43 | Peasant |
| 0:57 | Blacksmith |
| 1:04 | Barracks |
| 1:10 | Peasant |
| 1:20 | Peasant |
| 1:36 | Peasant |
| 1:40 | Farm |
| 1:43 | Peasant |
| 2:03 | Scout Tower |
| 2:07 | Peasant |
| 2:20 | Farm |
| 2:21 | Rifleman |
| 2:39 | Arcane Tower |
| 2:49 | Summon Water Elemental |
| 3:01 | Rifleman |
| 3:28 | Farm |
| 3:37 | Rifleman |
| 4:14 | Brilliance Aura |
| 4:17 | Farm |
| 4:35 | Rifleman |
| 4:46 | Rifleman |
| 4:53 | Town Hall |
| 5:05 | Farm |
| 5:39 | Goblin Shredder |
| 5:45 | Footman |
| 5:46 | Rifleman |
| 6:09 | Rifleman |
| 6:22 | Black Gunpowder |
| 6:34 | Peasant |
| 6:34 | Peasant |
| 6:49 | Summon Water Elemental |
| 7:03 | Rifleman |
| 7:06 | Keep |
| 7:09 | Studded Leather Armor |
| 7:37 | Arcane Vault |
| 7:39 | Scout Tower |
| 7:40 | Scout Tower |
| 7:48 | Rifleman |
| 7:52 | Rifleman |
| 8:16 | Altar of Kings |
| 8:18 | Farm |
| 8:19 | Altar of Kings |
| 8:43 | Scroll of Town Portal |
| 8:43 | Potion of Lesser Invulnerability |
| 8:47 | Staff of Teleportation |
| 9:09 | Peasant |
| 9:09 | Peasant |
| Right click | 464 |
| Select | 336 |
| Select group | 181 |
| Misc. action | 122 |
| Assign group | 78 |
| Build/train/purchase | 64 |
| Minimap ping | 12 |
| Esc | 10 |
| Use ability | 8 |
| Resource trade | 5 |
| Item give/drop | 1 |


| Wisp | 20 | 1200 | / | 0 |
| Archer | 17 | 2210 | / | 170 |
| Dryad | 2 | 290 | / | 120 |
| total: | 39 | 3700g | / | 290w |
| Altar of Elders | 1 | 180 | / | 50 |
| Moon Well | 4 | 720 | / | 160 |
| Ancient of War | 1 | 150 | / | 60 |
| Tree of Life | 1 | 340 | / | 185 |
| Hunter's Hall | 1 | 210 | / | 100 |
| Ancient of Wonders | 1 | 90 | / | 30 |
| Ancient of Lore | 3 | 465 | / | 435 |
| Chimaera Roost | 2 | 280 | / | 380 |
| Tree of Ages | 1 | 320 | / | 180 |
| Tree of Eternity | 1 | 330 | / | 200 |
| total: | 14 | 2435g | / | 1400w |
| 0:01 | Wisp |
| 0:01 | Wisp |
| 0:12 | Altar of Elders |
| 0:14 | Wisp |
| 0:16 | Moon Well |
| 0:18 | Wisp |
| 0:30 | Ancient of War |
| 0:32 | Wisp |
| 0:39 | Wisp |
| 0:46 | Wisp |
| 0:53 | Wisp |
| 1:25 | Wisp |
| 1:27 | Wisp |
| 1:30 | Wisp |
| 1:31 | Archer |
| 1:39 | Moon Well |
| 1:41 | Wisp |
| 1:46 | Archer |
| 2:02 | Archer |
| 2:16 | Force of Nature |
| 2:42 | Archer |
| 2:42 | Wisp |
| 2:42 | Wisp |
| 2:45 | Wisp |
| 3:03 | Archer |
| 3:20 | Archer |
| 3:40 | Tree of Ages |
| 5:05 | Archer |
| 5:05 | Archer |
| 5:16 | Archer |
| 5:21 | Archer |
| 5:33 | Archer |
| 5:48 | Moon Well |
| 5:49 | Moon Well |
| 6:07 | Improved Bows |
| 6:09 | Archer |
| 6:09 | Archer |
| 6:38 | Archer |
| 7:08 | Archer |
| 7:34 | Tree of Life |
| 7:36 | Tree of Eternity |
| 7:44 | Entangling Roots |
| 7:57 | Hunter's Hall |
| 7:59 | Ancient of Wonders |
| 8:00 | Archer |
| 8:32 | Archer |
| 8:40 | Trueshot Aura |
| 9:01 | Ancient of Lore |
| 9:03 | Ancient of Lore |
| 9:04 | Ancient of Lore |
| 10:07 | Chimaera Roost |
| 10:08 | Chimaera Roost |
| 10:10 | Wisp |
| 10:10 | Wisp |
| 10:10 | Wisp |
| 10:11 | Wisp |
| 10:11 | Wisp |
| 10:15 | Dryad |
| 10:16 | Dryad |
| Right click | 469 |
| Assign group | 309 |
| Select | 216 |
| Select group | 141 |
| Misc. action | 119 |
| Build/train/purchase | 58 |
| Use ability | 10 |
| Esc | 9 |
| Minimap ping | 5 |
| Resource trade | 4 |
| Chat | 4 |


| Healing Salve | 2 | 200 |
| Lesser Clarity Potion | 5 | 350 |
| Potion of Healing | 2 | 300 |
| Potion of Mana | 2 | 400 |
| Scroll of Town Portal | 1 | 350 |
| total: | 12 | 1600g |
| Peon | 13 | 975 | / | 0 |
| Grunt | 1 | 200 | / | 0 |
| Troll Headhunter | 6 | 840 | / | 120 |
| total: | 20 | 2015g | / | 120w |
| Altar of Storms | 1 | 180 | / | 50 |
| Orc Burrow | 6 | 960 | / | 240 |
| Barracks | 1 | 180 | / | 50 |
| War Mill | 1 | 205 | / | 0 |
| Voodoo Lounge | 1 | 130 | / | 30 |
| Great Hall | 1 | 385 | / | 185 |
| Spirit Lodge | 2 | 300 | / | 300 |
| Stronghold | 1 | 315 | / | 190 |
| Fortress | 1 | 325 | / | 190 |
| total: | 13 | 2340g | / | 855w |
| 0:01 | Peon |
| 0:04 | Altar of Storms |
| 0:08 | Orc Burrow |
| 0:14 | Peon |
| 0:25 | Peon |
| 0:38 | Barracks |
| 0:47 | Peon |
| 0:56 | Peon |
| 1:17 | War Mill |
| 1:39 | Grunt |
| 1:52 | Orc Burrow |
| 2:04 | War Stomp |
| 2:08 | Voodoo Lounge |
| 2:30 | Troll Headhunter |
| 2:48 | Troll Headhunter |
| 2:49 | Peon |
| 2:49 | Peon |
| 3:08 | Troll Headhunter |
| 3:11 | Peon |
| 3:15 | Peon |
| 3:28 | Troll Headhunter |
| 3:32 | Endurance Aura |
| 3:42 | Healing Salve |
| 3:44 | Lesser Clarity Potion |
| 4:24 | Great Hall |
| 4:56 | Stronghold |
| 5:04 | Healing Salve |
| 5:08 | Lesser Clarity Potion |
| 5:12 | Lesser Clarity Potion |
| 5:32 | Orc Burrow |
| 5:44 | War Stomp |
| 7:37 | Troll Headhunter |
| 7:37 | Troll Headhunter |
| 7:40 | Spirit Lodge |
| 7:42 | Spirit Lodge |
| 8:22 | Peon |
| 8:22 | Peon |
| 8:23 | Peon |
| 8:23 | Peon |
| 9:04 | Shaman Adept Training |
| 9:04 | Witch Doctor Adept Training |
| 9:06 | Fortress |
| 9:07 | Steel Ranged Weapons |
| 9:07 | Steel Armor |
| 9:09 | Orc Burrow |
| 9:32 | Healing Wave |
| 9:44 | Orc Burrow |
| 9:54 | Scroll of Town Portal |
| 9:54 | Potion of Healing |
| 10:03 | Lesser Clarity Potion |
| 10:06 | Potion of Mana |
| 10:15 | Orc Burrow |
| 10:17 | Potion of Healing |
| 10:17 | Potion of Mana |
| 10:18 | Lesser Clarity Potion |
| 10:20 | Troll Regeneration |
| Right click | 416 |
| Select group | 259 |
| Select | 143 |
| Build/train/purchase | 62 |
| Misc. action | 22 |
| Use ability | 16 |
| Assign group | 14 |
| Item give/drop | 4 |
| Minimap ping | 1 |
⇛